 Dungeon Crawl Stone Soup version 0.25-a0-729-g14964f1db5 (webtiles) character file.

Game seed: 4391110525654117554, levelgen mode: deterministic

12665 Maedhros the Covert (level 11, -6/72 HPs)
             Began as an Octopode Artificer on Apr 7, 2020.
             Was the Champion of Cheibriados.
             Mangled by a death yak (24 damage)
             ... on level 11 of the Dungeon.
             The game lasted 00:45:34 (8135 turns).

Maedhros the Covert (Octopode Artificer)            Turns: 8135, Time: 00:45:34

Health: -6/72      AC:  5    Str: 26    XL:     11   Next: 96%
Magic:  8/16       EV: 21    Int: 28    God:    Cheibriados [******]
Gold:   534        SH:  0    Dex: 32    Spells: 7/10 levels left

rFire    + . .     SeeInvis .     - Unarmed
rCold    x . .     Gourm    .   (no shield)
rNeg     . . .     Faith    .   (helmet restricted)
rPois    .         Spirit   .   k - amulet of regeneration
rElec    .         Reflect  .   J - ring of fire
rCorr    .         Harm     .   y - ring of flight
MR       .....                  (no ring)
Stlth    +++++++...             (no ring)
HPRegen  0.62/turn              (no ring)
MPRegen  0.15/turn              (no ring)
                                (no ring)
                                (no ring)

@: about to teleport, very slightly contaminated, very slow
A: almost no armour, stealthy swim, amphibious, 8 rings, constrict 8, antennae
1, slimy green scales 1, yellow scales 1, camouflage 1, gelatinous body 1
a: Bend Time, Temporal Distortion, Slouch, Step From Time, Renounce Religion,
Evoke Flight


You were on level 11 of the Dungeon.
You worshipped Cheibriados.
Cheibriados was exalted by your worship.
You were very hungry.

You visited 3 branches of the dungeon, and saw 14 of its levels.
You also visited: Ossuary.

You collected 676 gold pieces.
You spent 142 gold pieces at shops.

Inventory:

Hand Weapons
 v - a +3 dagger
 I - a +0 rapier
 K - a +3 falchion
Missiles
 g - 292 stones
 o - 5 javelins
 r - 41 poisoned darts (quivered)
 t - 100 sling bullets
Jewellery
 h - an uncursed amulet of guardian spirit
 k - an amulet of regeneration (around mantle)
 l - an uncursed amulet of faith
 x - an uncursed ring of fire
 y - a ring of flight (right tentacle)
 J - a ring of fire (left tentacle)
Scrolls
 b - 8 scrolls of immolation
 c - 5 scrolls of identify
 m - 9 scrolls of remove curse
 n - 2 scrolls of amnesia
 p - 2 scrolls of magic mapping
 q - a scroll of fear
 u - a scroll of enchant weapon
 w - 3 scrolls of enchant armour
Potions
 a - 3 potions of brilliance
 e - 3 potions of curing
 i - a potion of flight
 s - 9 potions of degeneration
 z - a potion of mutation
 A - a potion of cancellation
Comestibles
 f - 16 rations


   Skills:
 - Level 6.3 Fighting
 - Level 1.0 Short Blades
 * Level 7.0 Dodging
 - Level 10.6 Stealth
 * Level 9.9 Unarmed Combat
 * Level 3.2 Conjurations
 * Level 6.6 Earth Magic
 + Level 4.9 Invocations
 - Level 7.5 Evocations


You had 7 spell levels left.
You knew the following spells:

 Your Spells              Type           Power        Failure   Level  Hunger
a - Stone Arrow           Conj/Erth      ####..       4%          3    ####...

Your spell library contained the following spells:

 Spells                   Type           Power        Failure   Level  Hunger
 Sandblast                Erth           #####.       1%          1    ##.....
 Passwall                 Tmut/Erth      ###.....     4%          2    ###....
 Sting                    Tmut/Pois      #...         11%         1    ##.....
 Poisonous Vapours        Pois/Air       #.....       17%         2    ###....
 Lee's Rapid Deconstruct  Erth           #####.....   21%         5    ######.
 Mephitic Cloud           Conj/Pois/Air  #.......     22%         3    ####...
 Petrify                  Tmut/Erth      ###.....     28%         4    #####..
 Ignite Poison            Fire/Tmut/Pois #.......     32%         3    ####...
 Olgreb's Toxic Radiance  Pois           #.......     73%         4    #####..


Dungeon Overview and Level Annotations

Branches:
Dungeon (12/15)            Temple (1/1) D:7            Lair (0/6) D:11
    Orc (1/2) D:9         Ossuary (visited)

Altars:
Ashenzari
Cheibriados
Dithmenos
Elyvilon
Fedhas
Gozag
Kikubaaqudgha
Makhleb
Nemelex Xobeh
Okawaru
Qazlal
Ru
Sif Muna
Uskayaw
Vehumet
Wu Jian
Xom
Yredelemnul
Zin
The Shining One

Shops:
D:8 ?

Portals:
Trove: D:10 (show abyssal rune of Zot)

Annotations:
D:3 Sigmund
D:12 1 runed translucent door, exclusion: 4 orange crystal statues


Innate Abilities, Weirdness & Mutations

You cannot wear most types of armour.
You are very stealthy in the water. (Stealth+)
You are amphibious.
You can wear up to eight rings at the same time.
You can use your tentacles to constrict eight enemies at once.
Your skin changes colour to match your surroundings (Stealth+).
Your rubbery body absorbs attacks. (AC +1, EV +1)
You have a pair of small antennae on your head.
You are partially covered in slimy green scales. (AC +2)
You are partially covered in yellow scales. (AC +2)


Message History

You see here a porcupine corpse.
Casting: Stone Arrow (safe; 4% risk of failure)
Confirm with . or Enter, or press ? or * to list all spells.
Aiming: Stone Arrow (safe; 4% risk of failure)
Press: ? - help, Shift-Dir - straight line, f/p - death yak
Aim: a death yak (lightly wounded)
You miscast Stone Arrow.
You are very lightly contaminated with residual magic.
Nothing appears to happen.
You bludgeon the death yak! You squeeze the death yak!
The death yak is moderately wounded.
The death yak misses you.
You tentacle-slap the death yak. You squeeze the death yak.
The death yak is heavily wounded.
The death yak gores you!!
As you read the scroll of teleportation, it crumbles to dust.
You feel strangely unstable. The death yak gores you!
* * * LOW HITPOINT WARNING * * *
The death yak gores you!!
You die...

#........>................Y
##.......##..#####.########
####..#.....#####.# #####
##.......##....###.....
###..##.......#...# ############
#..#####......####..
.....#.....####.# ####†..........
.[..........##[.###...†#.........
..............[.@YY.####.##(..#..
.............#[.##### #.# #.....
.....[.............# #.##.....Y
..<..[).......####.# #....#....
..............# #.## #..###..Y.
.............## #..####..# #...
.............# ##.......# #...
.....#.....### ##..##..## #...
##########.# ####..##..## ##..


You could see 2 death yaks.

Vanquished Creatures
  2 two-headed ogres (D:9)
  A death yak (D:11)
  An ugly thing (D:12)
  A gargoyle (D:10)
  A komodo dragon (D:12)
  2 trolls
  2 hippogriffs
  11 yaks
  3 wyverns
  A hungry ghost (D:9)
  A steam dragon (D:9)
  An acid dragon (D:12)
  2 porcupines (D:11)
  8 orc warriors
  2 ice beasts
  2 phantoms
  2 sky beasts
  5 necrophages
  4 ogres
  5 centaurs
  A big kobold (D:9)
  5 bullfrogs
  A gnoll sergeant (D:8)
  A wyvern zombie (D:9)
  A wyvern skeleton (D:6)
  A water moccasin skeleton (D:10)
  3 scorpions
  3 killer bees (D:10)
  13 wights
  3 howler monkeys (D:11)
  5 crimson imps
  2 centaur zombies
  3 jellies (D:10)
  6 orc priests
  5 hounds
  3 centaur skeletons
  11 orc wizards
  Terence (D:3)
  An iguana (D:5)
  3 worker ants
  A hell rat (D:11)
  A killer bee zombie (D:7)
  3 big kobold zombies (Ossuary)
  A hound zombie (D:11)
  4 mummies (Ossuary)
  A worker ant zombie (D:11)
  8 gnolls
  16 adders
  2 river rats (D:11)
  8 shadow imps
  5 oozes (D:10)
  An adder zombie (D:10)
  A worm (D:4)
  An adder skeleton (D:7)
  A dart slug (D:1)
  A leopard gecko (D:1)
  51 orcs
  3 ball pythons
  4 giant cockroaches
  A gnoll zombie (Ossuary)
  7 hobgoblins
  20 jackals
  6 kobolds
  3 quokkas
  5 bats
  4 frilled lizards
  3 goblins
  2 hobgoblin zombies (Ossuary)
  A kobold zombie (Ossuary)
  A leopard gecko skeleton (D:5)
  A leopard gecko zombie (D:7)
  6 rats
302 creatures vanquished.

Vanquished Creatures (collateral kills)
  Blork the orc (D:6)
  A hound (D:7)
  2 orc wizards (D:6)
  A hound zombie (D:6)
  A hound skeleton (D:6)
  A shadow imp (D:6)
  4 orcs (D:6)
11 creatures vanquished.

Vanquished Creatures (others)
  A yak (D:7)
  A bullfrog (D:9)
  2 orc priests (D:6)
4 creatures vanquished.

Grand Total: 317 creatures vanquished

Notes
Turn   | Place    | Note
-------+----------+-------------------------------------------
     0 | D:1      | Maedhros the Octopode Artificer began the quest for the
                  | Orb.
     0 | D:1      | Reached XP level 1. HP: 13/13 MP: 3/3
   136 | D:1      | Reached skill level 2 in Stealth
   200 | D:1      | Reached XP level 2. HP: 12/18 MP: 4/4
   809 | D:2      | Reached skill level 3 in Stealth
   813 | D:2      | Reached XP level 3. HP: 23/23 MP: 4/6
   897 | D:2      | You fall into a shaft and drop 1 floor!
   937 | D:3      | Reached skill level 4 in Stealth
   937 | D:3      | Reached XP level 4. HP: 28/28 MP: 7/7
   955 | D:3      | Found a shimmering altar of Xom.
   956 | D:3      | Noticed Sigmund
   957 | D:3      | Found a sparkling altar of Nemelex Xobeh.
   957 | D:3      | Found a shimmering altar of Xom.
   964 | D:3      | Found a glowing golden altar of the Shining One.
   964 | D:3      | Found an ancient bone altar of Kikubaaqudgha.
   964 | D:3      | Found a glowing golden altar of the Shining One.
  1091 | D:4      | Reached XP level 5. HP: 33/33 MP: 8/8
  1091 | D:4      | Noticed an ogre
  1114 | D:4      | Killed an ogre
  1114 | D:4      | Reached skill level 5 in Stealth
  1114 | D:4      | Reached skill level 5 in Evocations
  1231 | D:4      | Found a hide-covered altar of Uskayaw.
  1238 | D:4      | Found an ornate altar of the Wu Jian Council.
  1302 | D:5      | Entered Level 5 of the Dungeon
  1438 | D:5      | Reached skill level 1 in Unarmed Combat
  1438 | D:5      | Reached XP level 6. HP: 6/38 MP: 10/10
  1494 | D:5      | Reached skill level 6 in Stealth
  1648 | D:6      | Reached XP level 7. HP: 34/43 MP: 11/11
  2122 | D:6      | Found a sand-covered staircase.
  2128 | Ossuary  | Entered an ossuary
  2193 | Ossuary  | Reached skill level 7 in Stealth
  2397 | D:6      | Noticed Blork the orc
  2401 | D:6      | Killed Blork the orc
  2595 | D:6      | Reached XP level 8. HP: 35/44 MP: 12/12
  2657 | D:5      | Found a radiant altar of Vehumet.
  2760 | D:7      | Reached skill level 5 in Unarmed Combat
  2790 | D:7      | Reached skill level 8 in Stealth
  2884 | D:7      | Found an opulent altar of Gozag.
  2929 | D:7      | Noticed a moth of wrath
  3085 | D:7      | Found a staircase to the Ecumenical Temple.
  3085 | D:7      | Noticed a yak
  3085 | D:7      | Noticed a yak
  3085 | D:7      | Noticed a yak
  3310 | Temple   | Entered the Ecumenical Temple
  3382 | Temple   | Became a worshipper of Cheibriados the Contemplative
  3409 | Temple   | Killed a yak
  3409 | Temple   | Reached skill level 9 in Stealth
  3409 | Temple   | Reached XP level 9. HP: 15/53 MP: 14/14
  3538 | D:7      | Learned a level 3 spell: Stone Arrow
  3992 | D:6      | Gained mutation: You are partially covered in yellow
                  | scales. (AC +2) [potion of mutation]
  3992 | D:6      | Gained mutation: You have a pair of small antennae on your
                  | head. [potion of mutation]
  3992 | D:6      | Gained mutation: You are partially covered in slimy green
                  | scales. (AC +2) [potion of mutation]
  3998 | D:6      | HP: 2/53 [ice beast (16)]
  3999 | D:6      | Reached skill level 1 in Earth Magic
  4196 | D:4      | Reached * piety under Cheibriados
  4196 | D:4      | Reached skill level 1 in Invocations
  4365 | D:3      | Noticed Terence
  4368 | D:3      | Killed Terence
  4889 | D:8      | Found a shadowy altar of Dithmenos.
  5040 | D:9      | Noticed a two-headed ogre
  5054 | D:9      | Killed a two-headed ogre
  5062 | D:9      | Reached XP level 10. HP: 43/63 MP: 15/15
  5066 | D:9      | Noticed a two-headed ogre
  5080 | D:9      | Killed a two-headed ogre
  5080 | D:9      | Reached skill level 10 in Stealth
  5108 | D:9      | Reached ** piety under Cheibriados
  5502 | D:8      | Reached skill level 5 in Dodging
  5506 | D:8      | Found Oleofun's Magic Scroll Boutique.
  5509 | D:8      | Bought a scroll of fear for 52 gold pieces
  5509 | D:8      | Bought a scroll of teleportation for 45 gold pieces
  5509 | D:8      | Bought a scroll of teleportation for 45 gold pieces
  5558 | D:8      | Found a stormy altar of Qazlal.
  5558 | D:8      | Found a shadowy altar of Dithmenos.
  5664 | D:9      | Found a staircase to the Orcish Mines.
  5767 | D:9      | Found a glowing golden altar of the Shining One.
  5768 | D:9      | Found an ancient bone altar of Kikubaaqudgha.
  5842 | D:9      | Reached *** piety under Cheibriados
  5922 | D:10     | Entered Level 10 of the Dungeon
  5978 | D:10     | Reached skill level 5 in Fighting
  5981 | D:10     | Found a shattered altar of Ashenzari.
  6151 | D:10     | Reached XP level 11. HP: 53/71 MP: 16/16
  6156 | D:10     | Reached skill level 5 in Earth Magic
  6197 | D:10     | Found a portal to a secret trove of treasure.
  6536 | D:11     | Reached **** piety under Cheibriados
  6548 | D:11     | HP: 2/72 [troll (6)]
  6857 | D:11     | Noticed a manticore
  6953 | D:11     | Noticed a death yak
  6953 | D:11     | Noticed a death yak
  6954 | D:11     | Noticed a death yak
  6958 | D:11     | Found a staircase to the Lair.
  6960 | D:11     | Identified the +10 long sword of the Other Side {vorpal,
                  | rElec rC+ Dex+3}
  6973 | D:11     | Reached skill level 1 in Conjurations
  7041 | D:11     | Reached ***** piety under Cheibriados
  7134 | D:12     | Found a runed translucent door.
  7323 | D:12     | Noticed a red ugly thing
  7332 | D:12     | Killed a red ugly thing
  7392 | D:12     | Found the +10 tower shield of Ignorance {rN+ Int-4}
  7425 | D:12     | Noticed an orange crystal statue
  7425 | D:12     | Noticed an orange crystal statue
  7425 | D:12     | Noticed an orange crystal statue
  7425 | D:12     | Noticed an orange crystal statue
  7579 | D:12     | Found a runed translucent door.
  7694 | Orc:1    | Entered Level 1 of the Orcish Mines
  7868 | Orc:1    | Noticed an orc warlord
  7905 | Orc:1    | Noticed an orc sorcerer
  8121 | D:11     | Killed a death yak
  8121 | D:11     | Reached ****** piety under Cheibriados
  8135 | D:11     | Mangled by a death yak

Levels and vault maps discovered:
D:1:      scummos_arrival_star, layout_basic, minmay_strange_pillars,
          lemuel_another_geyser
D:2:      layout_basic, first_ration, dk_vineyard_1
D:3:      layout_loops_corners, doesnt_xom_only_xom, marbit_many_paths,
          serial_glass, glass_columns_a, glass_columns_a,
          hangedman_abyss_or_decor_stabs, roderic_lattice_a, uniq_terence,
          uniq_sigmund
D:4:      layout_basic, lemuel_doored_altar, amethyst_overflow_temple_binary
D:5:      layout_loops_cross, nicolae_overflow_hidden_temple
D:6:      layout_basic, enter_ossuary_2, uniq_blork_the_orc
D:7:      layout_loops_ring, tgw_trog, grunt_gozag_statues, temple_green,
          serial_undead, serial_undead_b, serial_undead_c, serial_undead_c,
          serial_undead_a
D:8:      layout_loops_ring, gammafunk_temple_overflow_wave, serial_shops,
          nicolae_shop_behind_doors, basic_altar
D:9:      layout_rooms, gammafunk_temple_overflow_statue
D:10:     layout_roguey, nicolae_trove_entry_crystal,
          hangedman_little_slice_of_home, nicolae_ashenzari_panopticon
D:11:     layout_rooms, dpeg_lair_monsters
D:12:     layout_basic, chequers_guarded_unrand_ignorance
Temple:   compressed_dpeg_circular_temple
Orc:1:    layout_diamond_mine, basic_altar, serial_shops, shop, minmay_orc_keep

Skill      XL: |  1  2  3  4  5  6  7  8  9 10 11 |
---------------+----------------------------------+-----
Stealth        | 2 3 4 5 6 7 9 10 | 10.6
Evocations     | 4 5 6 7 |  7.5
Unarmed Combat | 1 2 4 6 8 9 |  9.9
Earth Magic    | 3 4 6 |  6.6
Invocations    | 2 3 4 |  4.9
Fighting       | 3 5 6 |  6.3
Dodging        | 3 5 7 |  7.0
Conjurations   | 3 |  3.2
Short Blades   | |  1.0

Action                   |  1- 3 |  4- 6 |  7- 9 | 10-12 || total
-------------------------+-------+-------+-------+-------++-------
Melee: Short sword       |    52 |    81 |    73 |       ||   206
       Constrict         |    13 |    25 |    40 |    78 ||   156
       Tentacles         |     6 |    19 |    63 |   159 ||   247
       Rapier            |       |       |    40 |       ||    40
       Punch             |       |       |    14 |    63 ||    77
       Unarmed           |       |       |   144 |   430 ||   574
       Falchion          |       |       |     9 |       ||     9
       Dagger            |       |       |     8 |       ||     8
Throw: Dart              |       |       |       |     5 ||     5
 Cast: Stone Arrow       |       |       |       |     2 ||     2
Evoke: Wand              |     9 |    11 |    25 |     9 ||    54
  Use: Scroll            |       |     4 |    10 |    10 ||    24
       Potion            |       |     2 |    18 |     3 ||    23
 Stab: Sleeping          |     3 |     6 |    27 |    16 ||    52
       Distracted        |       |       |       |     3 ||     3
       Paralysed         |       |       |       |     3 ||     3
  Eat: Chunk             |       |     2 |     7 |     6 ||    15
       Ration            |       |       |     1 |     1 ||     2
Armor: Skin              |     9 |     6 |    38 |    54 ||   107
Dodge: Dodged            |    38 |    54 |   131 |   337 ||   560
       Rpst.: Falchion   |       |       |     2 |       ||     2

Table legend:
 A = Non-vault XP
 B = Vault XP
 C = Vault XP percentage of total XP
 D = Non-vault monster count
 E = Vault monster count
 F = Vault count percentage of total count
                 A         B        C        D         E       F
            +---------+---------+-------+---------+---------+-------
      Total |   15996 |    2097 |  11.6 |     275 |      39 |  12.4
            +---------+---------+-------+---------+---------+-------
        D:1 |      31 |       0 |   0.0 |      17 |       0 |   0.0
        D:2 |      41 |       0 |   0.0 |       4 |       0 |   0.0
        D:3 |     110 |      36 |  24.7 |      19 |       1 |   5.0
        D:4 |     338 |       0 |   0.0 |      20 |       0 |   0.0
        D:5 |     327 |       0 |   0.0 |      19 |       0 |   0.0
        D:6 |     669 |      47 |   6.6 |      24 |       1 |   4.0
        D:7 |     916 |     447 |  32.8 |      17 |      11 |  39.3
        D:8 |     937 |       0 |   0.0 |      17 |       0 |   0.0
        D:9 |    4084 |       0 |   0.0 |      31 |       0 |   0.0
       D:10 |    2946 |     163 |   5.2 |      30 |       8 |  21.1
       D:11 |    1676 |    1210 |  41.9 |      21 |       6 |  22.2
       D:12 |    2203 |       0 |   0.0 |      24 |       0 |   0.0
     Temple |     216 |       0 |   0.0 |       1 |       0 |   0.0
      Orc:1 |    1502 |       0 |   0.0 |      31 |       0 |   0.0
    Ossuary |       0 |     194 | 100.0 |       0 |      12 | 100.0
            +---------+---------+-------+---------+---------+-------
